 Dungeon Crawl Stone Soup version 0.27.1-33-g824d729ab1 (webtiles) character file.

Game seed: 10459505426910999632

92 zeram the Covert (level 4, 0/22 HPs)
             Began as a Spriggan Brigand on Dec 20, 2021.
             Killed from afar by an orc wizard (8 damage)
             ... with a magic dart
             ... on level 3 of the Dungeon.
             The game lasted 00:04:34 (2903 turns).

zeram the Covert (Spriggan Brigand)                 Turns: 2903, Time: 00:04:35

Health: 0/22       AC:  4    Str:  7    XL:     4   Next: 35%
Magic:  5/5        EV: 17    Int: 13    God:
Gold:   176        SH:  0    Dex: 16    Spells: 3/3 levels left

rFire    . . .     SeeInvis +   a - +3 dagger
rCold    . . .     Faith    .   (shield restricted)
rNeg     . . .     Spirit   .   b - +0 robe
rPois    .         Reflect  .   (helmet restricted)
rElec    .         Harm     .   c - +1 cloak
rCorr    .         Rampage  .   (gloves unavailable)
Will     .....                  (boots unavailable)
Stlth    ++++......             (no amulet)
HPRegen  0.07/turn              (no ring)
MPRegen  0.09/turn              (no ring)

@: very quick
A: very small, no large weapons, unfitting armour, see invisible, speed 3
a: no special abilities


You were on level 3 of the Dungeon.
You visited 1 branch of the dungeon, and saw 3 of its levels.

You collected 176 gold pieces.

Inventory:

Hand Weapons
 a - a +3 dagger (weapon)
Armour
 b - a +0 robe (worn)
 c - a +1 cloak (worn)
Jewellery
 g - a ring of fire
Scrolls
 h - a scroll of identify


   Skills:
 - Level 1.5 Fighting
 + Level 3.1 Short Blades
 - Level 2.0 Throwing
 + Level 1.9 Dodging
 + Level 8.1 Stealth


You had 3 spell levels left.
You didn't know any spells.
Your spell library contained the following spells:

 Spells                   Type           Power      Damage    Failure   Level
 Animate Skeleton         Necr           0%         N/A       30%         1
 Apportation              Tloc           0%         N/A       30%         1
 Corona                   Hex            0%         N/A       30%         1
 Summon Small Mammal      Summ           0%         N/A       30%         1


Dungeon Overview and Level Annotations

Branches:
Dungeon (3/15)

Altars:
Wu Jian
Zin

Shops:
D:1 :

Annotations:
D:3 Grinder


Innate Abilities, Weirdness & Mutations

You are very small and have problems with some larger weapons.
You are too small for most types of armour.
You have supernaturally acute eyesight. (SInv)
You cover ground extremely quickly. (Speed+++)


Message History

You hit the orc wizard but do no damage.
The orc wizard is heavily wounded.
The orc wizard barely misses you.
You hit the orc wizard but do no damage.
The orc wizard is heavily wounded.
You hit the orc wizard.
The orc wizard is severely wounded.
The orc wizard closely misses you.
You hit the orc wizard but do no damage.
The orc wizard is severely wounded.
The orc wizard points at you and mumbles some strange words.
The magic dart hits you!
You are too injured to fight recklessly!
You are too injured to fight recklessly!
You are too injured to fight recklessly!
You are too injured to fight recklessly!
You are too injured to fight recklessly!
You are too injured to fight recklessly!
You closely miss the orc wizard.
The orc wizard is severely wounded.
The orc wizard completely misses you.
You hit the orc wizard but do no damage.
The orc wizard is severely wounded.
The orc wizard barely misses you.
You hit the orc wizard.
The orc wizard is almost dead.
The orc wizard hits you with a +0 dagger.
You hit the orc wizard but do no damage.
The orc wizard is almost dead.
The orc throws a stone.
The stone closely misses the orc wizard.
The stone completely misses you.
You closely miss the orc wizard.
The orc wizard is almost dead.
The orc wizard misses you.
You barely miss the orc wizard.
The orc wizard is almost dead.
The orc wizard points at you and mumbles some strange words.
The magic dart hits you!
You die...

.........# #.##
##......(# #...
######### ###+##### #+##
..#.####.......#
#########..#
...............#
#.......##..
#......oo....#
#.#####.##.#
#.....##'##### #.#
#.##.# ####
#.....##o#######.#
#.##.#
...#.>......##oo@......#
#....#
...#.##.....############
###### (((# #.....# .###
#..r..# .# #...... .# ##


You could see an orc wizard (invisible) and 2 orcs.

Vanquished Creatures
  A gnoll (D:1)
  2 adders
  A worm (D:3)
  2 dart slugs (D:1)
  An orc (D:3)
  6 endoplasms
  4 giant cockroaches
  5 goblins
  5 hobgoblins
  4 quokkas
  4 ball pythons
  9 bats
  2 frilled lizards (D:1)
  5 kobolds
  3 rats
54 creatures vanquished.

Notes
Turn   | Place    | Note
-------+----------+-------------------------------------------
     0 | D:1      | zeram the Spriggan Brigand began the quest for the Orb.
     0 | D:1      | Reached XP level 1. HP: 10/10 MP: 2/2
    53 | D:1      | Reached skill level 6 in Stealth
    64 | D:1      | Reached XP level 2. HP: 13/14 MP: 3/3
   467 | D:1      | Reached XP level 3. HP: 13/18 MP: 4/4
   594 | D:1      | Reached skill level 7 in Stealth
   821 | D:1      | Found Sakk's Book Shoppe.
  1087 | D:1      | You fall into a shaft and drop 1 floor!
  1410 | D:2      | Found a faded altar of an unknown god.
  1885 | D:3      | Reached XP level 4. HP: 22/22 MP: 5/5
  1929 | D:3      | Found an ornate altar of the Wu Jian Council.
  1931 | D:3      | Noticed Grinder
  2077 | D:3      | Paralysed by Grinder for 4 turns
  2809 | D:3      | Found a glowing silver altar of Zin.
  2816 | D:3      | Reached skill level 8 in Stealth
  2903 | D:3      | Killed from afar by an orc wizard

Illustrated notes

Levels and vault maps discovered:
D:1:      lemuel_arrival_lava_pool, layout_loops_ring, serial_shops, shop,
          minmay_misc_feat_roman
D:2:      layout_loops_cross, shapermc_ecumenical_altar_notcrosses
D:3:      layout_basic, mainiacjoe_overflow_six_doors_small,
          nzn_wu_jian_contemplation, kennysheep_generic_room_4, uniq_grinder

Skill      XL: |  1  2  3  4 |
---------------+-------------+-----
Stealth        | 6 7 8 |  8.1
Short Blades   | 3 |  3.1
Fighting       | |  1.5
Throwing       | |  2.0
Dodging        | |  1.9

Action                   |  1- 3 |  4- 6 || total
-------------------------+-------+-------++-------
Melee: Dagger            |   113 |    84 ||   197
Throw: Dart              |       |    11 ||    11
  Use: Scroll            |     2 |     2 ||     4
       Potion            |       |     1 ||     1
 Stab: Sleeping          |    23 |     3 ||    26
Armor: Robe              |     9 |     6 ||    15
Dodge: Dodged            |    60 |    44 ||   104
